 Dungeon Crawl Stone Soup version 0.22-a0-750-ga7dcef7 (webtiles) character file.

2350 Hebeh the Thaumaturge (level 9, -1/45 HPs)
             Began as a Deep Elf Fire Elementalist on July 15, 2018.
             Slain by a crimson imp (3 damage)
             ... on level 7 of the Dungeon.
             The game lasted 00:28:47 (8034 turns).

Hebeh the Thaumaturge (Deep Elf Fire Elementalist)  Turns: 8034, Time: 00:28:48

Health: -1/45      AC:  5    Str:  5    XL:     9   Next: 20%
Magic:  10/33      EV: 13    Int: 24    God:
Gold:   294        SH:  0    Dex: 15    Spells: 15/26 levels left

rFire    . . .     SeeInvis .   a - +2 war axe (freeze)
rCold    . . .     Gourm    .   (no shield)
rNeg     . . .     Faith    .   w - +1 robe
rPois    .         Spirit   .   (no helmet)
rElec    .         Reflect  .   (no cloak)
rCorr    .         Harm     .   i - +0 pair of gloves
MR       .....                  s - +0 pair of boots (curse)
Stlth    ++........             (no amulet)
HPRegen  0.15/turn              j - ring of magical power
MPRegen  0.23/turn              (no ring)

@: no status effects
A: no striking features
a: no special abilities


You were on level 7 of the Dungeon.
You were not hungry.

You visited 1 branch of the dungeon, and saw 7 of its levels.
You also visited: Ossuary.

You collected 294 gold pieces.

Inventory:

Hand Weapons
 a - a +2 war axe of freezing (weapon)
Missiles
 e - 39 arrows
 f - 68 sling bullets
 h - 122 stones (quivered)
 l - 73 bolts
 A - 3 steel tomahawks
Armour
 i - a +0 pair of gloves (worn)
 s - a cursed +0 pair of boots (worn)
 w - a +1 robe (worn)
Jewellery
 j - a ring of magical power (left hand)
Wands
 n - a wand of random effects (36)
 t - a wand of disintegration (20)
Scrolls
 d - a scroll of noise {unknown}
 g - 4 scrolls of remove curse
 k - 4 scrolls of identify {unknown}
 p - a scroll of blinking
 u - 3 scrolls of immolation {unknown}
 y - a scroll of teleportation
 C - a scroll of amnesia {unknown}
 D - 3 scrolls of random uselessness {unknown}
 H - a scroll of fog {unknown}
Potions
 b - 2 potions of curing
 m - 3 potions of lignification {unknown}
 o - a potion of agility {unknown}
 q - 3 potions of flight {unknown}
 r - a potion of might {unknown}
 v - a potion of invisibility {unknown}
 x - 2 potions of mutation {unknown}
 z - a potion of magic {unknown}
 E - a potion of ambrosia {unknown}
 F - 5 potions of haste {unknown}
 G - 5 potions of degeneration {unknown}
Comestibles
 c - 7 rations


   Skills:
 - Level 2.4 Dodging
 - Level 2.4 Stealth
 * Level 9.1 Spellcasting
 * Level 8.9 Conjurations
 * Level 8.0 Fire Magic


You had 15 spell levels left.
You knew the following spells:

 Your Spells              Type           Power        Failure   Level  Hunger
a - Flame Tongue          Conj/Fire      #####        1%          1    None
b - Throw Flame           Conj/Fire      ######       1%          2    None
c - Conjure Flame         Conj/Fire      ######..     1%          3    None
d - Fireball              Conj/Fire      ######....   4%          5    ####...

Your spell library contained the following spells:

 Spells                   Type           Power        Failure   Level  Hunger
 Animate Dead             Necr           N/A          50%         4    ##.....
 Pain                     Necr           ##..         6%          1    None
 Animate Skeleton         Necr           N/A          6%          1    None
 Vampiric Draining        Necr           ##........   17%         3    None
 Sticky Flame             Conj/Fire      ######..     1%          4    ##.....
 Regeneration             Chrm/Necr      ##........   17%         3    None
 Spider Form              Tmut/Pois      ##........   17%         3    None
 Blade Hands              Tmut           ##........   85%         5    ####...
 Ice Form                 Ice/Tmut       ##......     50%         4    ##.....
 Sticks to Snakes         Tmut           ##......     9%          2    None
 Inner Flame              Hex/Fire       ####....     3%          3    None
 Beastly Appendage        Tmut           ##....       6%          1    None


Dungeon Overview and Level Annotations

Branches:
Dungeon (7/15)
 Temple: D:4-7

Altars:
Cheibriados
Okawaru
Uskayaw
The Shining One


Message History

You can't see any susceptible monsters within range! (Use Z to cast anyway.)
The crimson imp hits you.
* * * LOW HITPOINT WARNING * * *
Items here: †††† a killer bee corpse; a bullfrog corpse; a killer bee corpse x2
You closely miss the crimson imp. The crimson imp closely misses you.
You hit the crimson imp. You freeze the crimson imp.
The crimson imp is heavily wounded.
The crimson imp completely misses you. The crimson imp barely misses you.
You closely miss the crimson imp.
The crimson imp is heavily wounded.
The crimson imp completely misses you.
You hit the crimson imp. You freeze the crimson imp.
The crimson imp is heavily wounded.
The crimson imp misses you.
The crimson imp hits you but does no damage.
You hit the crimson imp. You freeze the crimson imp.
The crimson imp is heavily wounded.
The crimson imp hits you.
You die...

.#.#...#.# #.# .#
##.###.#.# #.# †#
.....'...# #.# .#
##.###.#.####.###.#
#.#...#..........#####.
.###...#.####...........
.......#.# ####.##.##.
.....†##.#######5#
......÷........#@#
##.#..##.#####.#.#
#.......... #.#.......#
......##.##.##.#########
##.#.###.......# .....
###...### ..... #.#.# .
... #...# ####.####


You could see a crimson imp.

Vanquished Creatures
  A hippogriff (D:7)
  Sigmund (D:3)
  3 ice beasts
  A sky beast (D:5)
  2 ogres
  2 bullfrogs
  2 scorpions
  6 killer bees (D:7)
  3 crimson imps
  A bullfrog zombie (D:4)
  A centaur zombie (Ossuary)
  3 orc priests (D:5)
  3 human zombies (Ossuary)
  A bullfrog skeleton (D:4)
  3 orc wizards
  An iguana (D:5)
  3 worker ants
  A hound skeleton (D:6)
  6 mummies (Ossuary)
  A howler monkey zombie (D:7)
  2 worker ant zombies (D:5)
  6 adders
  11 gnolls
  2 shadow imps (D:5)
  3 worms
  A dart slug (D:3)
  2 leopard geckos
  18 orcs
  10 bats
  7 giant cockroaches
  8 goblins
  8 hobgoblins
  13 jackals
  3 quokkas
  4 frilled lizards
  A jackal zombie (D:5)
  11 kobolds
  2 kobold zombies (Ossuary)
  2 orc zombies (Ossuary)
  9 rats
168 creatures vanquished.

Notes
Turn   | Place    | Note
-------+----------+-------------------------------------------
     0 | D:1      | Hebeh the Deep Elf Fire Elementalist began the quest for the Orb.
     0 | D:1      | Reached XP level 1. HP: 10/10 MP: 6/6
   195 | D:1      | Reached XP level 2. HP: 15/15 MP: 5/8
   359 | D:1      | Found a snail-covered altar of Cheibriados.
   864 | D:1      | Learned a level 2 spell: Throw Flame
   915 | D:2      | Found a faded altar of an unknown god.
  1115 | D:2      | Reached XP level 3. HP: 19/19 MP: 6/10
  1205 | D:2      | Found a glowing golden altar of the Shining One.
  1733 | D:2      | Reached XP level 4. HP: 24/24 MP: 11/11
  1737 | D:2      | Reached skill level 4 in Spellcasting
  2191 | D:3      | Reached XP level 5. HP: 28/28 MP: 5/13
  2609 | D:3      | Noticed Sigmund
  2875 | D:3      | Killed Sigmund
  2875 | D:3      | Reached skill level 5 in Spellcasting
  2875 | D:3      | Reached XP level 6. HP: 31/32 MP: 11/15
  3042 | D:3      | Reached skill level 5 in Conjurations
  3517 | D:4      | Reached skill level 5 in Fire Magic
  3823 | D:4      | Noticed a dagger
  3823 | D:4      | Noticed a dagger
  3939 | D:4      | Found a hide-covered altar of Uskayaw.
  4055 | D:4      | Reached XP level 7. HP: 36/36 MP: 17/17
  4611 | D:5      | Entered Level 5 of the Dungeon
  4748 | D:5      | Reached skill level 6 in Spellcasting
  4894 | D:5      | Learned a level 3 spell: Conjure Flame
  5394 | D:5      | Reached XP level 8. HP: 41/41 MP: 19/20
  5544 | D:5      | Learned a level 5 spell: Fireball
  5744 | D:5      | Reached skill level 7 in Spellcasting
  6507 | D:6      | Found an iron altar of Okawaru.
  7304 | D:7      | Reached skill level 8 in Spellcasting
  7344 | D:7      | Noticed a hippogriff
  7349 | D:7      | Killed a hippogriff
  7374 | D:7      | Found a sand-covered staircase.
  7429 | Ossuary  | Entered an ossuary
  7863 | Ossuary  | Reached XP level 9. HP: 37/45 MP: 22/23
  8016 | D:7      | Reached skill level 9 in Spellcasting
  8024 | D:7      | HP: 1/45 [killer bee (5)]
  8029 | D:7      | HP: 1/45 [crimson imp (2)]
  8034 | D:7      | Slain by a crimson imp

Vault maps used:
D:1:      lemuel_arrival_lava_pool, cheibriados_altar_1
D:2:      nicolae_overflow_hidden_temple, lemuel_doored_altar,
          chequers_ecumenical_altar_simple
D:3:      first_ration, saegor_snake_ambush, uniq_sigmund
D:4:      dancing_weapons_uskayaw
D:6:      okawaru_gym_becter
D:7:      minmay_temple_entry_glassed_door, nicolae_ossuary_entry_plus,
          uniq_duvessa
Ossuary:  ossuary_crypta

Skill      XL: |  1  2  3  4  5  6  7  8  9 |
---------------+----------------------------+-----
Conjurations   | 2 3 4 5 7 8 |  8.9
Spellcasting   | 4 5 6 8 9 |  9.1
Fire Magic     | 4 5 6 7 8 |  8.0
Dodging        | |  2.4
Stealth        | |  2.4

Action                   |  1- 3 |  4- 6 |  7- 9 || total
-------------------------+-------+-------+-------++-------
Melee: Whip              |       |     2 |       ||     2
       War axe           |       |       |    48 ||    48
Throw: Stone             |     8 |       |       ||     8
 Cast: Flame Tongue      |    36 |    53 |   169 ||   258
       Throw Flame       |    30 |    53 |    72 ||   155
       Conjure Flame     |       |       |     1 ||     1
  Use: Scroll            |       |     6 |       ||     6
       Potion            |       |       |     2 ||     2
  Eat: Chunk             |     3 |     4 |     4 ||    11
       Ration            |       |     1 |     3 ||     4
Armor: Robe              |     2 |       |    28 ||    30
Dodge: Dodged            |     5 |    28 |    98 ||   131

Table legend:
 A = Spawn XP
 B = Non-spawn XP
 C = Spawn XP percentage of total XP
 D = Spawn monster count
 E = Non-spawn monster count
 F = Spawn count percentage of total count
 G = Total turns spent on level
                    A         B        C        D         E        F      G
               +---------+---------+-------+---------+---------+-------+---------
         Total |       0 |    3358 |   0.0 |       0 |     168 |   0.0 |  8034
               +---------+---------+-------+---------+---------+-------+---------
           D:1 |       0 |      25 |   0.0 |       0 |      17 |   0.0 |   915
           D:2 |       0 |     128 |   0.0 |       0 |      28 |   0.0 |  1375
           D:3 |       0 |     336 |   0.0 |       0 |      39 |   0.0 |  1175
           D:4 |       0 |     282 |   0.0 |       0 |      10 |   0.0 |  1230
           D:5 |       0 |     888 |   0.0 |       0 |      31 |   0.0 |  1578
           D:6 |       0 |     475 |   0.0 |       0 |      17 |   0.0 |  1025
           D:7 |       0 |     939 |   0.0 |       0 |      12 |   0.0 |   239
       Ossuary |       0 |     285 |   0.0 |       0 |      14 |   0.0 |   497
               +---------+---------+-------+---------+---------+-------+---------
